 Dungeon Crawl Stone Soup version 0.22-a0-469-gf26638a71f (webtiles) character file.

578 Banto the Covert (level 7, -9/41 HPs)
             Began as an Octopode Earth Elementalist on June 13, 2018.
             Mangled by a scorpion (14 damage)
             ... on level 5 of the Dungeon.
             The game lasted 00:08:59 (5282 turns).

Banto the Covert (Octopode Earth Elementalist)      Turns: 5282, Time: 00:08:59

Health: -9/41      AC:  1    Str:  7    XL:     7   Next: 36%
Magic:  7/10       EV: 13    Int: 20    God:
Gold:   263        SH:  0    Dex: 12    Spells: 1/10 levels left

rFire    . . .     SeeInvis .   u - +1 dagger (chaos)
rCold    + . .     Gourm    .   (no shield)
rNeg     . . .     Faith    .   (helmet restricted)
rPois    .         Spirit   .   (no amulet)
rElec    .         Reflect  .   q - ring of protection from cold (curse)
rCorr    .         Harm     .   (no ring)
MR       .....                  (no ring)
Stlth    +++++.....             (no ring)
HPRegen  0.13/turn              (no ring)
MPRegen  0.12/turn              (no ring)
                                (no ring)
                                (no ring)

@: no status effects
A: almost no armour, stealthy swim, amphibious, 8 rings, constrict 8, camouflage
1, gelatinous body 1
a: no special abilities


You were on level 5 of the Dungeon.
You were not hungry.

You visited 1 branch of the dungeon, and saw 5 of its levels.

You collected 263 gold pieces.

Inventory:

Hand Weapons
 u - a +1 dagger of chaos (weapon)
Missiles
 b - 123 stones (quivered)
 s - 60 arrows
Armour
 i - a +2 buckler
Jewellery
 e - an uncursed ring of ice
 p - an uncursed ring of ice
 q - a cursed ring of protection from cold (left tentacle)
Scrolls
 d - 2 scrolls of magic mapping
 g - 3 scrolls of remove curse
 o - a scroll of fog
Potions
 a - a potion of ambrosia
 j - a potion of berserk rage
 k - a potion of haste
 l - 2 potions of lignification
 m - a potion of brilliance {unknown}
 n - a potion of curing
Comestibles
 c - 5 rations


   Skills:
 - Level 2.0 Dodging
 + Level 8.2 Stealth
 - Level 2.0 Spellcasting
 - Level 1.0 Transmutations
 + Level 6.2 Earth Magic


You had one spell level left.
You knew the following spells:

 Your Spells              Type           Power        Failure   Level  Hunger
a - Sandblast             Erth           ####..       1%          1    #......
b - Passwall              Tmut/Erth      ###.....     5%          2    ##.....
c - Petrify               Tmut/Erth      ###.....     34%         4    #####..
d - Sticks to Snakes      Tmut           #.......     16%         2    ##.....

Your spell library contained the following spells:

 Spells                   Type           Power        Failure   Level  Hunger
 Magic Dart               Conj           #...         16%         1    #......
 Iskenderun's Mystic Bla  Conj           #.......     83%         4    #####..
 Stone Arrow              Conj/Erth      ##....       13%         3    ###....
 Spider Form              Tmut/Pois      #.........   36%         3    ###....
 Blade Hands              Tmut           #.........   96%         5    ######.
 Ice Form                 Ice/Tmut       #.......     77%         4    #####..
 Lee's Rapid Deconstruct  Erth           ####......   34%         5    ######.
 Beastly Appendage        Tmut           #.....       11%         1    #......
 Fulminant Prism          Conj/Hex       #.........   83%         4    #####..
 Dazzling Spray           Conj/Hex       #.....       43%         3    ###....
 Force Lance              Conj/Tloc      #.......     83%         4    #####..
 Searing Ray              Conj           #.....       24%         2    ##.....


Dungeon Overview and Level Annotations

Branches:
Dungeon (5/15)
 Temple: D:4-7

Altars:
Cheibriados
Makhleb
Xom
The Shining One

Annotations:
D:3 Foic's ghost, amateur TrFi
D:5 Dowan; Duvessa


Innate Abilities, Weirdness & Mutations

You cannot wear most types of armour.
You are very stealthy in the water. (Stealth+)
You are amphibious.
You can wear up to eight rings at the same time.
You can use your tentacles to constrict eight enemies at once.
Your skin changes colour to match your surroundings (Stealth+).
Your rubbery body absorbs attacks. (AC +1, EV +1)


Message History

You take 17 damage, and have 4/41 hp.
MASSIVE DAMAGE!!
You now have 8/10 mp.
Casting: Sandblast (safe; 1% risk of failure)
Confirm with . or Enter, or press ? or * to list all spells.
Aiming: Sandblast (safe; 1% risk of failure)
Press: ? - help, Shift-Dir - straight line, f/p - scorpion
Aim: a scorpion (severely wounded, constricted by you, berserk, fast, unusually strong)
The blast of sand hits the scorpion.
The scorpion is severely wounded.
b - 123 stones You constrict the scorpion, but do no damage.
* * * LOW HITPOINT WARNING * * *
You feel sick. The scorpion barely misses you. The orc hits you with a dagger.
* * * LOW HITPOINT WARNING * * *
You take 2 damage, and have 2/41 hp.
You now have 7/10 mp.
You feel better.
You constrict the scorpion, but do no damage.
The scorpion closely misses you. The orc hits you with a dagger.
* * * LOW HITPOINT WARNING * * *
The scorpion stings you!
You die...

........# ###......## .
..........# .. ###..<....##
...####.......)..#
.#..........)....## ..
..........†.)<....####.....
#..................##.....
..........@o........#......
..#########s._......#.#..##
#.....(c........#.#....
.......(.........#.#.##.
##............##........
......#######......[...#
...... ........#.#....
....## ..........#.#.. ..c.
.........##.##.


You could see a centaur, a scorpion (berserk) and an orc.

Vanquished Creatures
  Sigmund (D:2)
  A howler monkey (D:4)
  A bullfrog zombie (D:5)
  2 crimson imps (D:4)
  A hound (D:4)
  Jessica (D:2)
  2 worker ants (D:4)
  Terence (D:2)
  Robin (D:2)
  An adder (D:5)
  An adder skeleton (D:4)
  4 worms
  A dart slug (D:1)
  A leopard gecko (D:1)
  5 orcs
  9 bats
  5 giant cockroaches
  17 goblins
  9 hobgoblins
  3 jackals (D:3)
  5 kobolds
  3 quokkas
  2 ball pythons
  A ball python skeleton (D:4)
  3 frilled lizards
  8 rats
89 creatures vanquished.

Vanquished Creatures (collateral kills)
  An iguana (D:5)
1 creature vanquished.

Vanquished Creatures (others)
  A plant (D:3)
1 creature vanquished.

Grand Total: 91 creatures vanquished

Notes
Turn   | Place    | Note
-------+----------+-------------------------------------------
     0 | D:1      | Banto the Octopode Earth Elementalist began the quest for the Orb.
     0 | D:1      | Reached XP level 1. HP: 11/11 MP: 3/3
    30 | D:1      | Reached skill level 3 in Stealth
    83 | D:1      | Reached XP level 2. HP: 8/17 MP: 5/5
   722 | D:1      | Reached XP level 3. HP: 21/21 MP: 4/6
   757 | D:1      | Reached skill level 4 in Stealth
   985 | D:2      | Noticed Robin
  1215 | D:2      | Noticed Sigmund
  1255 | D:2      | Killed Robin
  1288 | D:2      | Reached XP level 4. HP: 6/27 MP: 0/7
  1563 | D:2      | Noticed Terence
  1838 | D:1      | Learned a level 2 spell: Passwall
  1843 | D:1      | Learned a level 4 spell: Petrify
  1853 | D:2      | Noticed Jessica
  1856 | D:2      | Killed Jessica
  1856 | D:2      | Reached skill level 5 in Stealth
  2250 | D:3      | Noticed Foic's ghost (amateur TrFi)
  2695 | D:2      | Killed Sigmund
  2695 | D:2      | Reached skill level 6 in Stealth
  2695 | D:2      | Reached skill level 5 in Earth Magic
  2695 | D:2      | Reached XP level 5. HP: 4/31 MP: 2/8
  2695 | D:2      | Reached XP level 6. HP: 4/36 MP: 2/9
  2963 | D:2      | Killed Terence
  3540 | D:3      | Found a faded altar of an unknown god.
  3811 | D:4      | Learned a level 2 spell: Sticks to Snakes
  3817 | D:4      | Reached skill level 7 in Stealth
  4465 | D:4      | Found a glowing golden altar of the Shining One.
  4540 | D:4      | Reached XP level 7. HP: 41/41 MP: 8/10
  4564 | D:4      | Found a burning altar of Makhleb.
  4565 | D:4      | Found a shimmering altar of Xom.
  4702 | D:5      | Entered Level 5 of the Dungeon
  4702 | D:5      | Noticed Duvessa
  4702 | D:5      | Noticed Dowan
  4764 | D:5      | Found a snail-covered altar of Cheibriados.
  5105 | D:5      | Reached skill level 8 in Stealth
  5281 | D:5      | HP: 2/41 [orc/dagger (1)]
  5282 | D:5      | Mangled by a scorpion

Vault maps used:
D:1:      lemuel_arrival_room
D:2:      uniq_jessica, uniq_sigmund, uniq_terence, uniq_robin
D:3:      chequers_ecumenical_altar_lobes
D:4:      grunt_temple_overflow_champion_of_chaos, nicolae_tso_carved_into_rock
D:5:      first_ration, basic_altar, minivault_11, uniq_pikel, uniq_ijyb,
          uniq_duvessa

Skill      XL: |  1  2  3  4  5  6  7 |
---------------+----------------------+-----
Stealth        | 3 4 6 7 8 |  8.2
Earth Magic    | 4 5 6 |  6.2
Dodging        | |  2.0
Spellcasting   | |  2.0
Transmutations | |  1.0

Action                   |  1- 3 |  4- 6 |  7- 9 || total
-------------------------+-------+-------+-------++-------
Melee: Unarmed           |    38 |       |       ||    38
       Tentacles         |    19 |    15 |     6 ||    40
       Constrict         |    21 |    28 |    10 ||    59
       Dagger            |    45 |    87 |    45 ||   177
       Short sword       |       |    12 |       ||    12
 Cast: Sandblast         |    16 |    27 |    14 ||    57
       Sticks to Snakes  |       |     3 |     3 ||     6
       Petrify           |       |     2 |     1 ||     3
       Passwall          |       |     1 |       ||     1
  Use: Scroll            |     2 |    11 |     1 ||    14
       Potion            |       |       |     1 ||     1
 Stab: Sleeping          |    10 |    10 |       ||    20
       Distracted        |       |     1 |       ||     1
       Petrified         |       |     2 |       ||     2
  Eat: Chunk             |     1 |    12 |     3 ||    16
Armor: Skin              |    13 |     6 |     2 ||    21
Dodge: Dodged            |    61 |    67 |    41 ||   169
Block: Buckler           |     7 |       |       ||     7

Table legend:
 A = Spawn XP
 B = Non-spawn XP
 C = Spawn XP percentage of total XP
 D = Spawn monster count
 E = Non-spawn monster count
 F = Spawn count percentage of total count
 G = Total turns spent on level
                    A         B        C        D         E        F      G
               +---------+---------+-------+---------+---------+-------+---------
         Total |       0 |     827 |   0.0 |       0 |      90 |   0.0 |  5282
               +---------+---------+-------+---------+---------+-------+---------
           D:1 |       0 |      44 |   0.0 |       0 |      25 |   0.0 |  1487
           D:2 |       0 |     359 |   0.0 |       0 |      28 |   0.0 |  1304
           D:3 |       0 |      31 |   0.0 |       0 |      16 |   0.0 |  1195
           D:4 |       0 |     291 |   0.0 |       0 |      15 |   0.0 |  1010
           D:5 |       0 |     102 |   0.0 |       0 |       6 |   0.0 |   286
               +---------+---------+-------+---------+---------+-------+---------

Table legend:
 A = Turns spent in this place as a percentage of turns spent in the entire game.
 B = Non-inter-level travel turns spent in this place as a percentage of non-inter-level travel turns spent in the entire game.
 C = Inter-level travel turns spent in this place as a percentage of turns spent in this place.
 D = Turns resting spent in this place as a percentage of non-inter-level travel turns spent in this place.
 E = Turns spent auto-exploring this place as a percentage of non-inter-level travel turns spent in this place.
 F = Non-inter-level travel turns spent in this place divided by the number of levels of this place that you've seen.
                   A       B       C       D       E      F
               +-------+-------+-------+-------+-------+----------------------
         Total | 100.0 | 100.0 |   5.5 |  40.8 |  34.9 | 998.2
       Dungeon | 100.0 | 100.0 |   5.5 |  40.8 |  34.9 | 998.2
               +-------+-------+-------+-------+-------+----------------------

Table legend:
 A = Kills in this place as a percentage of kills in entire the game.
 B = Kills by you in this place as a percentage of kills by you in the entire game.
 C = Kills by friends in this place as a percentage of kills by friends in the entire game.
 D = Other kills in this place as a percentage of other kills in the entire game.
 E = Experience gained in this place as a percentage of experience gained in the entire game.
 F = Experience gained in this place divided by the number of levels of this place that you have seen.
                   A       B       C       D       E      F
               +-------+-------+-------+-------+-------+----------------------
         Total | 100.0 | 100.0 | 100.0 |   N/A | 100.0 | 165.4
       Dungeon | 100.0 | 100.0 | 100.0 |   N/A | 100.0 | 165.4
               +-------+-------+-------+-------+-------+----------------------
